 Dungeon Crawl Stone Soup version 0.28.0-53-g5a82cb258f (webtiles) character file.

Game seed: 10290731207720591278

21 issech the Chopper (level 2, 0/27 HPs)
             Began as a Minotaur Monk on June 3, 2022.
             Slain by an orc
             ... wielding a +0 trident
              (3 damage)
             ... on level 3 of the Dungeon.
             The game lasted 00:03:23 (1846 turns).

issech the Chopper (Minotaur Monk)                  Turns: 1846, Time: 00:03:24

Health: 0/27       AC:  2    Str: 15    XL:     2   Next: 62%
Magic:  1/1        EV: 13    Int:  7    God:
Gold:   77         SH:  0    Dex: 12    Spells: 1/1 levels left

rFire   . . .      SeeInvis .   a - +0 hand axe
rCold   . . .      Faith    .   (no shield)
rNeg    . . .      Spirit   .   b - +0 robe
rPois   .          Reflect  .   (helmet restricted)
rElec   .          Harm     .   (no cloak)
rCorr   .          Rampage  .   (no gloves)
Will    .....                   (no boots)
Stlth   ++........              (no amulet)
HPRegen 0.09/turn               j - ring of wizardry
MPRegen 0.07/turn               (no ring)

@: no status effects
A: horns 2, retaliatory headbutt
a: no special abilities


You were on level 3 of the Dungeon.
You visited 1 branch of the dungeon, and saw 3 of its levels.

You collected 77 gold pieces.

Inventory:

Hand Weapons
 a - a +0 hand axe (weapon)
 d - a +0 short sword of draining
 o - a +0 hunting sling
Missiles
 g - 76 stones (quivered)
 n - 19 bolts
Armour
 b - a +0 robe (worn)
Jewellery
 j - a ring of wizardry (left hand)
Scrolls
 c - a scroll of acquirement {unknown}
 f - 2 scrolls of identify {unknown}
 l - a scroll of torment {unknown}
 q - a scroll of teleportation {unknown}
Potions
 e - a potion of mutation {unknown}
 h - 3 potions of attraction {unknown}
 i - a potion of might {unknown}
 k - a potion of curing {unknown}
 m - a potion of magic {unknown}
 p - a potion of berserk rage {unknown}
 r - a potion of brilliance {unknown}
 s - a potion of lignification {unknown}


   Skills:
 + Level 3.9 Fighting
 + Level 4.2 Axes
 + Level 3.5 Dodging
 + Level 1.7 Stealth


You had one spell level left.
You didn't know any spells.
Your spell library contained the following spells:

 Spells                   Type           Power      Damage    Failure   Level
 Magic Dart               Conj           0%         1d3       19%         1
 Searing Ray              Conj           0%         2d4       26%         2
 Fulminant Prism          Conj/Hex       0%         3d6       86%         4


Dungeon Overview and Level Annotations

Branches:
Dungeon (3/15)

Altars:
Zin

Shops:
D:1 (

Annotations:
D:3 Ijyb


Innate Abilities, Weirdness & Mutations

You have a pair of horns on your head.
You reflexively headbutt those who attack you in melee.


Message History

There is an open door here.
Ijyb zaps a wand.
Some rock shatters into small pieces.
There is a stone staircase leading up here.
You climb upwards.
There is a stone staircase leading down here.
You start resting.
HP restored.
There is a stone staircase leading down here.
You climb downwards.
Level annotation: Ijyb
Found 23 stones.
Found a stone staircase leading down.
There is a stone staircase leading up here.
You hear a zap.
You hear a grinding noise.
g - 76 stones (gained 23)
You hear a zap.
You hear a grinding noise.
An orc comes into view. It is wielding a +0 hand axe.
Found a dagger. 3 orcs and an orc priest come into view.
The orc shouts! x3; The orc priest shouts!
The orc moves out of view.
There is a stone staircase leading down here.
You hit the orc but do no damage. You headbutt the orc, but do no damage.
The orc completely misses you.
The orc priest calls down the wrath of Beogh upon you.
Beogh smites you!
Ouch! That really hurt!
The orc hits you with a +0 hand axe.
* * * LOW HITPOINT WARNING * * *
The orc hits you with a +0 hand axe.
* * * LOW HITPOINT WARNING * * *
There is a stone staircase leading down here.
You hear a zap.
You hear a grinding noise.
The orc completely misses you.
You hear a zap.
You hear a grinding noise.
The orc priest miscasts a cantrip.
You hear a zap.
You hear a grinding noise.
There is a stone staircase leading up here.
The orc barely misses you.
The orc hits you from afar with a +0 trident.
You die...

#########
#.......#
#.......#
#.......####
#...........
#.......#
#..@....#
#..o....#
####o####
#.# #.# #o#
#.# #
#o###.o.#
#...oo...


You could see an orc priest and 3 orcs.

Vanquished Creatures
  4 ball pythons
  A bat (D:2)
  3 endoplasms
  A goblin (D:1)
  2 hobgoblins
  2 quokkas (D:1)
  A frilled lizard (D:1)
  4 rats
18 creatures vanquished.

Notes
Turn   | Place    | Note
-------+----------+-------------------------------------------
     0 | D:1      | issech the Minotaur Monk began the quest for the Orb.
     0 | D:1      | Reached XP level 1. HP: 19/19 MP: 0/0
   201 | D:1      | Reached skill level 4 in Axes
   333 | D:1      | Found a faded altar of an unknown god.
   346 | D:1      | Reached XP level 2. HP: 27/27 MP: 1/1
   399 | D:1      | Found Ekirasko's Antique Weapon Emporium.
  1118 | D:2      | Found a glowing silver altar of Zin.
  1686 | D:3      | Noticed Ijyb
  1846 | D:3      | Slain by an orc

Illustrated notes

Levels and vault maps discovered:
D:1:      ncdulo_wetmaze, layout_basic, serial_shops, shop,
          chequers_ecumenical_altar_simple_redux, due_unseen_surprise
D:2:      layout_loops_corners, basic_altar, minmay_door_square,
          columned_hall_lemuel
D:3:      layout_loops_corners, zin_angel, serial_bayou_pond_d, uniq_grinder,
          uniq_ijyb

Skill      XL: |  1 |
---------------+----+-----
Axes           | 4 |  4.2
Fighting       | |  3.9
Dodging        | |  3.5
Stealth        | |  1.7

Action                   || total
-------------------------++-------
Melee: Hand axe          ||    29
       Headbutt          ||     5
       Punch             ||     1
 Stab: Sleeping          ||     1
Armor: Robe              ||     4
Dodge: Dodged            ||    24
